 Dungeon Crawl Stone Soup version 0.29-a0-284-gf9362112df (webtiles) character file.

Game seed: 14770896727920192768

4344 spaghetti the Nimble (level 10, -2/85 HPs)
             Began as a Deep Dwarf Transmuter on Mar 23, 2022.
             Was a Plaything of Xom.
             Killed from afar by Erica (36 damage)
             ... with a bolt of poison
             ... on level 1 of the Lair of Beasts.
             The game lasted 00:27:01 (7657 turns).

spaghetti the Nimble (Deep Dwarf Transmuter)        Turns: 7657, Time: 00:27:02

Health: -2/85      AC:  3    Str: 13 (16) XL:     10   Next: 12%
Magic:  17/20 (11) EV: 34    Int: 20 (22) God:    Xom [...*..]
Gold:   510        SH:  0    Dex: 23 (25) Spells: 2/13 levels left

rFire   . . .      SeeInvis .     - Unarmed
rCold   . . .      Faith    .   (shield currently unavailable)
rNeg    . . .      Spirit   .   (body armour currently unavailable)
rPois   x          Reflect  .   (helmet currently unavailable)
rElec   .          Harm     .   (cloak currently unavailable)
rCorr   .          Rampage  .   (gloves currently unavailable)
Will    +....                   (boots currently unavailable)
Stlth   ++........              (no amulet)
HPRegen 0.00/turn               s - ring of Eternal Night {EV+4 Int+2 Dex+4}
MPRegen 0.17/turn               G - ring of the Octopus King {MP+9 AC+1 EV+1 Str+1 Int+1 Dex+1}

@: lethally poisoned (-2 -> -15), spider-form, wereblooded, cleaving
A: venomous fangs, damage resistance, heal wounds, tiny, sense surroundings 2,
no regeneration, agile 1, clever 1, deterioration 1
a: Heal Wounds, End Transformation, Renounce Religion


You were on level 1 of the Lair of Beasts.
You worshipped Xom.
You were a favourite toy of Xom.
You were a venomous arachnid creature.
You visited 2 branches of the dungeon, and saw 10 of its levels.
You also visited: Sewer.

You collected 510 gold pieces.


Innate Abilities, Weirdness & Mutations

You are a venomous arachnid creature.
You have poisonous fangs.
You are tiny and dextrous.
Your spellcasting is less reliable in this form.
Your armour is entirely melded.
You are incapable of wielding weapons or throwing items.
You are resistant to damage.
You can heal yourself by infusing magical energy.
You passively map the area around you.
You do not regenerate.
You are agile. (Dex +2)
Your mind is acute. (Int +2)
Your body sometimes deteriorates upon taking damage.


   Skills:
 + Level 3.9 Fighting
 + Level 9.3 Dodging
 - Level 2.6 Unarmed Combat
 - Level 2.0 Spellcasting
 - Level 2.0 Summonings
 + Level 9.1 Transmutations
 - Level 4.0 Ice Magic
 - Level 2.0 Poison Magic


You had 2 spell levels left.
You knew the following spells:

 Your Spells              Type           Power      Damage    Failure   Level
a - Beastly Appendage     Tmut           76%        N/A       3%          1
b - Wereblood             Tmut           38%        N/A       3%          2
c - Animate Skeleton      Necr           4%         N/A       34%         1
d - Spider Form           Tmut/Pois      24%        N/A       14%         3
e - Ice Form              Ice/Tmut       28%        N/A       26%         4

Your spell library contained the following spells:

 Spells                   Type           Power      Damage    Failure   Level
 Summon Small Mammal      Summ           40%        N/A       19%         1
 Apportation              Tloc           4%         N/A       34%         1
 Frozen Ramparts          Ice            36%        1d5       22%         3
 Summon Ice Beast         Ice/Summ       14%        N/A       63%         4
 Confusing Touch          Hex            2%         N/A       65%         3
 Yara's Violent Unravell  Hex/Tmut       10%        3d6       75%         5
 Hailstorm                Conj/Ice       10%        3d5       77%         4
 Simulacrum               Ice/Necr       5%         N/A       100%        6
 Enfeeble                 Hex            1%         N/A       100%        7

Inventory:

Hand Weapons
 e - a +0 club {mace}
   (You took it off a kobold on level 1 of the Dungeon)
 m - a +4 morningstar {mace}
   (You found it on level 2 of the Dungeon)
 n - a +1 dagger of venom {short}
   (You took it off a goblin on level 2 of the Dungeon)
 v - a +2 whip of venom {mace}
   (You took it off a kobold on level 3 of the Dungeon)
 I - a +0 vampiric spear (melded) {polearm}
   (You took it off Grum on level 8 of the Dungeon)
Missiles
 d - 177 stones {throwing}
 f - a throwing net {=f!fthrowing}
 i - 5 silver javelins {throwing}
 l - 2 boomerangs {throwing}
 x - 28 poisoned darts {throwing}
Armour
 a - a +1 robe (melded)
 p - a +0 pair of boots (melded)
   (You found it on level 3 of the Dungeon)
 C - a +0 pair of gloves
   (You found it on level 7 of the Dungeon)
Magical Staves
 D - a staff of earth {!astaff}
   (You found it on level 7 of the Dungeon)
Jewellery
 g - a ring of protection from fire
   (You found it on level 1 of the Dungeon)
 h - a ring of fire
   (You found it on level 1 of the Dungeon)
 q - a +6 ring of dexterity
   (You found it on level 3 of the Dungeon)
 s - the ring of Eternal Night (left front leg) {EV+4 Int+2 Dex+4}
   (You acquired it in a sewer)

   [ring of evasion]

   EV:        It affects your evasion (+4).
   Int:       It affects your intelligence (+2).
   Dex:       It affects your dexterity (+4).
 w - a ring of protection from cold
   (You found it on level 5 of the Dungeon)
 G - a ring of the Octopus King (right front leg) {MP+9 AC+1 EV+1 Str+1 Int+1 Dex+1}
   (You found it on level 7 of the Dungeon)

   [ring of magical power]

   AC:        It affects your AC (+1).
   EV:        It affects your evasion (+1).
   Str:       It affects your strength (+1).
   Int:       It affects your intelligence (+1).
   Dex:       It affects your dexterity (+1).
   MP:        It affects your magic capacity (+9).
 L - a ring of positive energy
   (You found it on level 1 of the Lair of Beasts)
Wands
 c - a wand of mindburst (15)
   (You found it on level 2 of the Dungeon)
 u - a wand of acid (10)
   (You found it on level 4 of the Dungeon)
 y - a wand of digging (5)
   (You found it on level 5 of the Dungeon)
 F - a wand of charming (8)
   (You found it on level 7 of the Dungeon)
 H - a wand of paralysis (7)
   (You found it on level 7 of the Dungeon)
Scrolls
 j - 4 scrolls of immolation {!r!r}
 o - 2 scrolls of blinking {!r}
 z - a scroll of identify {@r1}
 A - 3 scrolls of teleportation {@r4}
 J - a scroll of vulnerability {!r!r}
Potions
 b - a potion of cancellation
 k - 2 potions of haste {@q3}
 r - a potion of invisibility
 t - 6 potions of flight
 B - 2 potions of brilliance
 E - a potion of attraction {!q}

Dungeon Overview and Level Annotations

Branches:
Dungeon (8/15)             Temple (0/1) D:4            Lair (2/6) D:8
  Sewer (visited)
  Swamp: Lair:2-4    Shoals: Lair:2-4     Snake: Lair:2-4    Spider: Lair:2-4

Altars:
Uskayaw
Xom

Portals:
Gauntlet: Lair:1

Annotations:
D:2 exclusion: door
D:3 2 transporters, sokol815's ghost, amateur DsMo
D:5 exclusion: door
Lair:1 Erica

*########## ,, ,
,.........# *+
.........# ,, ,
.........# * , ,
......@..# ,, , , *
#s.# , ,* #.∩#
P.....^.# #..##
#...#.... #..P#
#...+...# #..##
#.......# #..#
........########..#
#.###.............##
...................#


You could see Erica (extremely poisoned).


Message History

You regained 2 hp, and now have 23/102 hp.
There is a stone staircase leading up here.
You climb upwards.
You hear a distant snort.
Hark!
There is a gateway to a gauntlet on this level.
Find the entrance quickly before the gate is sealed!
You hear the deafening beating of a drum nearby.
There is a stone staircase leading down here. 😱 MP[+1] Unknown command.
Unknown command.
Unknown command.
Okay, then.
Your primal bloodlust is almost over.
You howl as the wereblood boils in your veins!
z - a scroll of identify {@r1} 😱 MP[+1]
There are no items here.
Okay, then.
Your magical essence is drained by the effort!
You feel much better. 😨 HP[+18]
You regained 18 hp, and now have 41/102 hp.
Your primal bloodlust has ended.
You now have 510 gold pieces (gained 10).
There are no items here.
Your transformation is almost over.
You feel a little less mighty now.
You warm up again.
Your +0 vampiric spear {polearm} unmelds from your body.
Your +0 pair of boots unmelds from your body.
Your +1 robe unmelds from your body.
You feel a sense of dread.
You see here a +0 buckler.
There is a stone staircase leading down here.
You hear the deafening beating of a drum nearby.
Key pressed, stopping explore.
Unknown command. 😨 HP[-7]
You now have 85 max hp (-17).
K - a sapphire potion You are now a favourite toy of Xom.
It was a potion of degeneration.
There was something very wrong with that liquid.
You feel weakened.
You feel dopey.
You feel clumsy.
Found a gate leading to a gauntlet.
Key pressed, stopping explore.
Unknown command.
Erica the Fiery-Tempered comes into view.
She is wielding a +4 scimitar of flaming.
Erica shouts!
Unknown command.
Press: ? - help, v - describe, . - travel A gate leading to a gauntlet.
Unknown command.
Casting: Wereblood (safe; 1% risk of failure)
Confirm with . or Enter, or press ? or * to list all spells.
You turn into a venomous arachnid creature.
Your +0 vampiric spear {polearm} melds into your body.
Your +0 pair of boots melds into your body.
Your +1 robe melds into your body.
You feel the dreadful sensation subside.
Erica casts a spell at you. The bolt of poison misses you. 😨 MP[-3]
You lost 3 mp, and now have 17/20 mp.
Casting: Spider Form (dangerous; 14% risk of failure)
Confirm with . or Enter, or press ? or * to list all spells.
Your blood is infused with primal strength. 😨 MP[-2]
You lost 2 mp, and now have 15/20 mp.
You hit Erica. Erica closely misses you.
You hit Erica but do no damage. Erica barely misses you.
You hit Erica.
Erica is poisoned.
Erica says, "Fast and perfect.
Such is my way of killing."
Erica completely misses you. 😨 MP[+1]
You bite Erica!
Erica looks as sick as possible!
You hear the deafening beating of a drum.
Erica completely misses you.
You hit Erica. Xom smiles on you.
Your front legs look sharp.
Erica casts a spell at you. The bolt of poison misses you.
You hit Erica but do no damage. Xom smiles on you.
Your front legs look sharp.
Erica completely misses you.
You hit Erica but do no damage.
Erica looks as sick as possible!
Erica casts a spell at you.
You easily resist.
You barely miss Erica. Erica casts a spell at you.
You easily resist.
You hit Erica but do no damage. Erica misses you. 😨 MP[+1]
You barely miss Erica. Erica gestures at you while chanting.
The bolt of poison hits you!!!
You are poisoned.
You die...
Xom cackles wildly!

Skill      XL: |  1  2  3  4  5  6  7  8  9 |
---------------+----------------------------+-----
Transmutations | 2 3 4 5 6 8 9 |  9.1
Poison Magic   | 2 |  2.0
Dodging        | 4 5 8 9 |  9.3
Spellcasting   | 2 |  2.0
Ice Magic      | 1 4 |  4.0
Fighting       | 1 3 |  3.9
Summonings     | 2 |  2.0
Unarmed Combat | |  2.6

Action                   |  1- 3 |  4- 6 |  7- 9 | 10-12 || total
-------------------------+-------+-------+-------+-------++-------
Melee: Club              |    84 |       |       |       ||    84
       Kick              |    19 |    26 |    17 |       ||    62
       Unarmed           |     3 |       |   244 |    31 ||   278
       Headbutt          |    14 |    13 |     8 |       ||    35
       Punch             |     4 |     8 |     1 |       ||    13
       Morningstar       |    30 |       |       |       ||    30
       Dagger            |     9 |   169 |       |       ||   178
       Whip              |       |    71 |    83 |       ||   154
 Cast: Beastly Appendage |    15 |    16 |    16 |       ||    47
       Wereblood         |    11 |    31 |    36 |     2 ||    80
       Animate Skeleton  |     4 |       |       |       ||     4
       Spider Form       |       |       |    22 |     1 ||    23
       Ice Form          |       |       |     1 |     1 ||     2
 Abil: Heal Wounds       |     1 |       |     4 |     1 ||     6
  Use: Potion            |     1 |     5 |     2 |     3 ||    11
       Scroll            |       |    13 |     8 |     1 ||    22
 Stab: Sleeping          |     1 |     4 |     1 |       ||     6
       Distracted        |       |     1 |       |       ||     1
Armor: Robe              |    20 |    44 |    11 |     1 ||    76
       Skin              |    17 |       |     7 |     7 ||    31
Dodge: Dodged            |    87 |   210 |   585 |    60 ||   942

Levels and vault maps discovered:
D:1:      dpeg_arrival_rooms_b, layout_loops_cross, item_on_display_a
D:2:      layout_basic, uniq_robin, uniq_terence
D:3:      cheibrodos_fertilizer, layout_basic,
          dreamdust_ecumenical_altar_hidden_monk_grotto, gammafunk_ghost_arena,
          portal_sewer_entry_d, minmay_misc_feat_room, minmay_misc_feat_encased
D:4:      layout_basic, minmay_temple_entry_trees
D:5:      old_forge, layout_cave_pods, chequers_serial_rivers_micro_b,
          nicolae_elevator_lobby_plus
D:6:      layout_loops_ring, amcnicky_altar_gilded, uniq_edmund,
          uniq_prince_ribbit1
D:7:      minmay_klotski, layout_rooms
D:8:      layout_cave_pools, lair_entry_dummy, uniq_maurice, uniq_grum
Lair:1:   layout_chaotic_city, gauntlet_entry_generic, uniq_erica
Lair:2:   layout_roguey, spider_nest_entry_rubble, ebering_ghost_funeral_grove

Notes
Turn   | Place    | Note
-------+----------+-------------------------------------------
     0 | D:1      | spaghetti the Deep Dwarf Transmuter began the quest for the
                  | Orb.
     0 | D:1      | Reached XP level 1. HP: 16/16 MP: 3/3
     0 | D:1      | magus.rc [v1.9.6]
    89 | D:1      | Reached skill level 2 in Transmutations
   150 | D:1      | Reached XP level 2. HP: 12/24 MP: 2/4
   172 | D:1      | Learned a level 2 spell: Wereblood
   650 | D:1      | Reached skill level 3 in Transmutations
   701 | D:1      | You pick up a book of Cantrips and begin reading...
   701 | D:1      | You add the spells Animate Skeleton, Summon Small Mammal
                  | and Apportation to your library.
   949 | D:2      | Reached XP level 3. HP: 25/30 MP: 2/5
   954 | D:2      | Learned a level 1 spell: Animate Skeleton
  1352 | D:2      | Noticed Robin
  1427 | D:2      | Killed Robin
  1428 | D:2      | Reached skill level 4 in Transmutations
  1428 | D:2      | Reached XP level 4. HP: 18/37 MP: 1/6
  1582 | D:2      | Noticed Terence
  1591 | D:2      | Killed Terence
  2292 | D:3      | Found a transporter.
  2354 | D:3      | Reached XP level 5. HP: 37/43 MP: 5/7
  2402 | D:3      | Found a glowing drain.
  2411 | Sewer    | Entered a sewer
  2418 | Sewer    | Reached skill level 5 in Transmutations
  2601 | Sewer    | Identified a scroll of acquirement
  2601 | Sewer    | Acquired the ring of Eternal Night {EV+4 Int+2 Dex+4}
  2609 | Sewer    | Learned a level 3 spell: Spider Form
  2854 | Sewer    | Reached XP level 6. HP: 50/50 MP: 4/8
  2929 | Sewer    | Reached skill level 1 in Poison Magic
  3114 | Sewer    | Gained mutation: You are agile. (Dex +2) [potion of
                  | mutation]
  3114 | Sewer    | Gained mutation: Your mind is acute. (Int +2) [potion of
                  | mutation]
  3167 | D:3      | Noticed sokol815's ghost (amateur DsMo)
  3169 | D:3      | Found a transporter.
  3695 | D:3      | Found a faded altar of an unknown god.
  3702 | D:3      | Prayed at the altar of an unknown god.
  3702 | D:3      | Became a worshipper of Xom of Chaos
  3856 | D:3      | Reached skill level 3 in Dodging
  4168 | D:4      | Reached skill level 4 in Dodging
  4168 | D:4      | Reached skill level 2 in Poison Magic
  4168 | D:4      | Reached XP level 7. HP: 31/56 MP: 5/9
  4175 | D:4      | Reached skill level 6 in Transmutations
  4236 | D:4      | XOM: silly message
  4341 | D:4      | Found a staircase to the Ecumenical Temple.
  4453 | D:4      | Reached skill level 5 in Dodging
  4564 | D:4      | XOM: silly message
  4609 | D:4      | XOM: silly message
  4811 | D:5      | Entered Level 5 of the Dungeon
  5306 | D:5      | XOM: 4-stop teleportation journey
  5323 | D:6      | XOM: silly message
  5406 | D:6      | Reached XP level 8. HP: 62/63 MP: 5/10
  5501 | D:6      | XOM: noise
  5511 | D:6      | Reached skill level 6 in Dodging
  5511 | D:6      | Reached skill level 7 in Transmutations
  5567 | D:6      | XOM: polymorph scorpion -> swamp drake
  5582 | D:6      | XOM: enchant monster (good)
  5603 | D:6      | Noticed Prince Ribbit
  5616 | D:6      | Noticed Prince Ribbit
  5616 | D:6      | Prince Ribbit changed into Prince Ribbit the fire bat
  5616 | D:6      | XOM: polymorph Prince Ribbit -> Prince Ribbit the fire bat
  5616 | D:6      | Noticed Edmund
  5618 | D:6      | XOM: divination: magic mapping
  5622 | D:6      | XOM: summons 2 friendly demons
  5623 | D:6      | XOM: potion effect (heal wounds)
  5626 | D:6      | XOM: summons 1 friendly demon
  5631 | D:6      | Killed Edmund
  5632 | D:6      | Reached skill level 7 in Dodging
  5634 | D:6      | Killed Prince Ribbit the fire bat
  5635 | D:6      | Reached skill level 8 in Transmutations
  5813 | D:6      | You pick up a book of Misfortune and begin reading...
  5813 | D:6      | You add the spells Confusing Touch, Yara's Violent
                  | Unravelling and Enfeeble to your library.
  5887 | D:6      | Reached skill level 2 in Spellcasting
  5904 | D:6      | Reached skill level 1 in Ice Magic
  5917 | D:6      | XOM: noise
  5983 | D:6      | Found a hide-covered altar of Uskayaw.
  6074 | D:6      | XOM: 1-stop teleportation journey
  6207 | D:6      | XOM: summons 3 hostile shadow creatures
  6254 | D:6      | XOM: draining
  6385 | D:6      | Learned a level 4 spell: Ice Form
  6415 | D:7      | Noticed a hornet
  6417 | D:7      | XOM: 4-stop teleportation journey
  6427 | D:7      | Reached skill level 1 in Fighting
  6427 | D:7      | Reached skill level 8 in Dodging
  6434 | D:7      | Gained mutation: You passively map the area around you.
                  | [Deep Dwarf growth]
  6434 | D:7      | Reached XP level 9. HP: 52/62 MP: 8/12
  6624 | D:7      | Found the ring of the Octopus King
  6625 | D:7      | You pick up a book of the Tundra and begin reading...
  6625 | D:7      | You add the spells Hailstorm and Simulacrum to your
                  | library.
  6630 | D:7      | Identified a ring of the Octopus King {MP+9 AC+1 EV+1 Str+1
                  | Int+1 Dex+1}
  6704 | D:7      | XOM: summons friendly crimson imp
  6716 | D:7      | Reached skill level 2 in Ice Magic
  6772 | D:7      | XOM: polymorph crimson imp -> white imp
  6785 | D:7      | XOM: polymorph white imp -> iron imp
  6837 | D:7      | You pick up a book of Rime and begin reading...
  6837 | D:7      | You add the spells Frozen Ramparts and Summon Ice Beast to
                  | your library.
  6864 | D:7      | Reached skill level 2 in Fighting
  7032 | D:8      | XOM: silly message
  7033 | D:8      | Noticed Maurice
  7041 | D:8      | HP: 15/73 [Maurice/bolt of acid (26)]
  7054 | D:8      | Killed Maurice
  7055 | D:8      | Reached skill level 1 in Summonings
  7079 | D:8      | Noticed Grum
  7098 | D:8      | Reached skill level 3 in Ice Magic
  7113 | D:8      | XOM: noise
  7122 | D:8      | HP: 18/74 [Grum/+0 vampiric spear (11)]
  7128 | D:8      | HP: 8/74 [Grum/+0 vampiric spear (9)]
  7150 | D:8      | XOM: potion effect (magic)
  7156 | D:8      | Reached skill level 2 in Summonings
  7156 | D:8      | Reached skill level 4 in Ice Magic
  7158 | D:8      | Reached skill level 3 in Fighting
  7161 | D:8      | Killed Grum
  7162 | D:8      | Reached skill level 9 in Dodging
  7197 | D:8      | Found a staircase to the Lair.
  7252 | D:8      | XOM: stat loss: -1 Dex (19/20)
  7292 | D:8      | XOM: cleaving
  7293 | Lair:1   | Entered Level 1 of the Lair of Beasts
  7408 | Lair:1   | XOM: summons friendly crimson imp
  7410 | Lair:1   | Reached skill level 9 in Transmutations
  7410 | Lair:1   | Reached XP level 10. HP: 36/84 MP: 12/12
  7515 | Lair:1   | XOM: summons 6 hostile demons
  7517 | Lair:1   | Gained mutation: Your body sometimes deteriorates upon
                  | taking damage. [a neqoxec]
  7528 | Lair:2   | Noticed an eight-headed hydra
  7532 | Lair:2   | XOM: stat loss: -1 Int (21/22)
  7534 | Lair:2   | HP: 21/102 [eight-headed hydra (6)]
  7534 | Lair:2   | HP: 9/102 [eight-headed hydra (8)]
  7539 | Lair:2   | Noticed a storm dragon
  7539 | Lair:2   | an eight-headed hydra changed into a storm dragon
  7539 | Lair:2   | XOM: polymorph eight-headed hydra -> storm dragon
  7544 | Lair:2   | XOM: confusion (+ monsters)
  7625 | Lair:1   | Found a gate leading to a gauntlet.
  7645 | Lair:1   | Noticed Erica
  7652 | Lair:1   | XOM: cleaving
  7653 | Lair:1   | XOM: cleaving
  7657 | Lair:1   | Killed from afar by Erica

Vanquished Creatures
  Maurice (D:8)
  A hornet (D:7)
  A fire bat (D:6)
  Grum (D:8)
  An ice beast (D:7)
  2 black bears
  A centaur (D:6)
  9 wolves
  3 ogres
  2 kobold brigands
  A scorpion (D:5)
  3 bullfrogs
  A necrophage (D:6)
  6 killer bees (D:8)
  2 howler monkeys
  3 hounds
  2 gnoll shamans
  An orc priest (D:6)
  4 jellies
  Terence (D:2)
  2 iguanas
  3 orc wizards
  Robin (D:2)
  9 gnolls
  16 adders
  7 river rats (Sewer)
  An ufetubus (D:5)
  3 worms
  4 dart slugs
  9 orcs
  11 ball pythons
  18 endoplasms
  A giant cockroach (Sewer)
  15 goblins
  5 hobgoblins
  6 jackals
  5 quokkas
  10 bats
  7 frilled lizards
  24 kobolds
  4 rats
207 creatures vanquished.

Vanquished Creatures (collateral kills)
  Edmund (D:6)
  A steam dragon (D:8)
  An ogre (D:7)
  A sky beast (D:8)
  A bullfrog (D:8)
  An orc wizard (D:8)
  2 orcs (D:6)
  A goblin (D:2)
9 creatures vanquished.

Vanquished Creatures (others)
  A swamp drake (D:6)
  3 fungi (D:3)
  10 toadstools (D:3)
14 creatures vanquished.

Grand Total: 230 creatures vanquished

Table legend:
 A = Non-vault XP
 B = Vault XP
 C = Vault XP percentage of total XP
 D = Non-vault monster count
 E = Vault monster count
 F = Vault count percentage of total count
                 A         B        C        D         E       F
            +---------+---------+-------+---------+---------+-------
      Total |    4493 |    1714 |  27.6 |     147 |      70 |  32.3
            +---------+---------+-------+---------+---------+-------
        D:1 |      33 |       0 |   0.0 |      20 |       0 |   0.0
        D:2 |      76 |      73 |  49.0 |      18 |      13 |  41.9
        D:3 |     175 |     118 |  40.3 |      15 |      16 |  51.6
        D:4 |     440 |       0 |   0.0 |      20 |       0 |   0.0
        D:5 |     150 |       0 |   0.0 |       7 |       0 |   0.0
        D:6 |    1096 |     354 |  24.4 |      30 |       2 |   6.2
        D:7 |     761 |       0 |   0.0 |      16 |       0 |   0.0
        D:8 |     882 |     964 |  52.2 |      13 |       5 |  27.8
     Lair:1 |     707 |       0 |   0.0 |       6 |       0 |   0.0
     Lair:2 |     173 |       0 |   0.0 |       2 |       0 |   0.0
      Sewer |       0 |     205 | 100.0 |       0 |      34 | 100.0
            +---------+---------+-------+---------+---------+-------

Illustrated notes

Table legend:
 A = Kills in this place as a percentage of kills in entire the game.
 B = Kills by you in this place as a percentage of kills by you in the entire game.
 C = Kills by friends in this place as a percentage of kills by friends in the entire game.
 D = Other kills in this place as a percentage of other kills in the entire game.
 E = Experience gained in this place as a percentage of experience gained in the entire game.
 F = Experience gained in this place divided by the number of levels of this place that you have seen.
                   A       B       C       D       E      F
               +-------+-------+-------+-------+-------+----------------------
         Total | 100.0 | 100.0 | 100.0 | 100.0 | 100.0 | 564.3
       Dungeon |  80.6 |  79.7 | 100.0 | 100.0 |  82.5 | 640.2
          Lair |   3.7 |   3.9 |   0.0 |   0.0 |  14.2 | 440.0
         Sewer |  15.7 |  16.4 |   0.0 |   0.0 |   3.3 | 205.0
               +-------+-------+-------+-------+-------+----------------------

Table legend: (Time is in decaauts)
 A = Elapsed time spent in this place.
 B = Non-inter-level travel time spent in this place.
 C = Inter-level travel time spent in this place.
 D = Time resting spent in this place.
 E = Time spent auto-exploring this place.
 F = Levels seen in this place.
 G = Mean time per level.
                   A        B        C        D        E       F      G
               +--------+--------+--------+--------+--------+-----+--------+
         Total |   7865 |   7633 |    232 |    439 |   5290 |  11 |  715.0 |
       Dungeon |   6621 |   6389 |    232 |    339 |   4571 |   8 |  827.6 |
          Lair |    362 |    362 |      0 |      0 |    255 |   2 |  181.0 |
         Sewer |    881 |    881 |      0 |    100 |    463 |   1 |  881.0 |
               +--------+--------+--------+--------+--------+-----+--------+

Top non-repeatable levels by time:
     D:2: 1329 daAuts
     D:3: 1128 daAuts
     D:6: 1085 daAuts
     D:1: 948 daAuts
   Sewer: 881 daAuts
     D:4: 775 daAuts
     D:7: 559 daAuts
     D:5: 466 daAuts
  Lair:1: 339 daAuts
     D:8: 329 daAuts
  Lair:2: 22 daAuts
